 Dungeon Crawl Stone Soup version 0.24.0-123-gd5b16e6ec5 (webtiles) character file.

Game seed: 1974563679682935072, levelgen mode: deterministic

177 Martska the Charmwright (level 5, 0/41 HPs)
             Began as a Human Skald on Feb 13, 2020.
             Killed from afar by an orc wizard (2 damage)
             ... with a magic dart
             ... on level 2 of the Dungeon.
             The game lasted 00:06:19 (2877 turns).

Martska the Charmwright (Human Skald)               Turns: 2877, Time: 00:06:20

Health: 0/41       AC:  3    Str: 12    XL:     5   Next: 87%
Magic:  8/8        EV: 12    Int: 13    God:
Gold:   111        SH:  0    Dex: 13    Spells: 5/8 levels left

rFire    . . .     SeeInvis .   a - +0 falchion
rCold    . . .     Gourm    .   (no shield)
rNeg     . . .     Faith    .   b - +0 leather armour
rPois    .         Spirit   .   (no helmet)
rElec    .         Reflect  .   (no cloak)
rCorr    .         Harm     .   (no gloves)
MR       .....                  (no boots)
Stlth    +.........             (no amulet)
HPRegen  0.13/turn              (no ring)
MPRegen  0.11/turn              (no ring)

@: very slightly contaminated, slowed, very slow
A: no striking features
a: no special abilities


You were on level 2 of the Dungeon.
You were not hungry.

You visited 1 branch of the dungeon, and saw 3 of its levels.

You collected 111 gold pieces.

Inventory:

Hand Weapons
 a - a +0 falchion (weapon)
Armour
 b - a +0 leather armour (worn)
Jewellery
 e - an uncursed amulet of the gourmand {unknown}
Scrolls
 c - 6 scrolls of identify
 f - a scroll of enchant weapon
 h - a scroll of enchant armour {unknown}
 j - 2 scrolls of amnesia
 l - a scroll of remove curse {unknown}
 m - a scroll of blinking
 n - a scroll of teleportation {unknown}
Potions
 g - a potion of flight {unknown}
 i - a potion of curing {unknown}
 o - a potion of lignification {unknown}
 p - a potion of mutation {unknown}
Comestibles
 d - 5 rations
 q - a chunk of flesh


   Skills:
 * Level 3.0 Fighting
 * Level 3.0 Long Blades
 + Level 1.7 Armour
 + Level 2.6 Dodging
 + Level 2.4 Spellcasting
 + Level 3.4 Charms
 + Level 1.3 Translocations
   Level 1.1 Evocations


You had 5 spell levels left.
You knew the following spells:

 Your Spells              Type           Power        Failure   Level  Hunger
a - Infusion              Chrm           ##..         8%          1    #......
b - Shroud of Golubria    Chrm/Tloc      #.....       19%         2    ###....

Your spell library contained the following spells:

 Spells                   Type           Power        Failure   Level  Hunger
 Song of Slaying          Chrm           ##......     12%         2    ###....
 Regeneration             Chrm/Necr      #.........   43%         3    ###....
 Spectral Weapon          Hex/Chrm       #.......     43%         3    ###....


Dungeon Overview and Level Annotations

Branches:
Dungeon (3/15)

Altars:


Message History

The orc wizard closely misses you.
As you read the scroll labeled QEDIUH MUSYU, it crumbles to dust.
It is a scroll of amnesia.
Okay, then.
The orc wizard hits you with a +0 dagger.
Blink to where?
Press: ? - help, Dir - move target cursor, p - orc wizard You are very lightly contaminated with residual magic.
As you read the scroll labeled ONOVEI HUOJ, it crumbles to dust.
It was a scroll of blinking.
The orc wizard casts a spell at you. The magic dart hits you.
* * * LOW HITPOINT WARNING * * *
The orc wizard casts a spell at you. The magic dart hits you!
* * * LOW HITPOINT WARNING * * *
There is a stone staircase leading down here.
The orc wizard points at you and mumbles some strange words.
The magic dart hits you.
You die...

#..#.#.#.#.#.#.#.#..#
##...................#
#..##.#.#.#...#.#.#..#####
#####o###...)#...........(....
##..o§.# ##..#.#..(..#.#.####.#
##(#.#### #..o...#.......# #.#
##.###.######.##.#.##....#.# #.#
#.##...>......##...........####.#
##.#.#o[........@..#.#.#.#..##...
##...#.##..######....#.........#
##.##.##..## #.#.#.#.#.###[.#
#.##.##...## #.#.......# #..#
#[##.#.###.# #.###.#.#.# #..#
#.##..## ##♣#♣#♣#♣#.....# #..#
#.##..# #............#.###..#
#.##..## #.♣#♣#♣#♣...........#
##.##.#.###.# #.####.#######..


You could see an orc wizard.

Vanquished Creatures
  A hound (D:2)
  Natasha (thrice) (D:2)
  2 adders
  An ooze (D:1)
  A dart slug (D:1)
  3 orcs
  A ball python (D:3)
  8 bats
  4 giant cockroaches (D:2)
  4 goblins
  5 hobgoblins
  8 kobolds
  2 frilled lizards
  4 rats
47 creatures vanquished.

Notes
Turn   | Place    | Note
-------+----------+-------------------------------------------
     0 | D:1      | Martska the Human Skald began the quest for the Orb.
     0 | D:1      | Reached XP level 1. HP: 16/16 MP: 3/3
   585 | D:1      | Reached XP level 2. HP: 21/22 MP: 5/5
   633 | D:1      | Learned a level 2 spell: Shroud of Golubria
   972 | D:1      | Reached XP level 3. HP: 25/28 MP: 6/6
  1165 | D:2      | Noticed Natasha
  1462 | D:2      | Killed Natasha
  1462 | D:2      | Reached XP level 4. HP: 33/34 MP: 7/7
  1487 | D:2      | Reached skill level 1 in Translocations
  1489 | D:2      | Reached XP level 5. HP: 8/40 MP: 4/8
  2019 | D:2      | Found a faded altar of an unknown god.
  2324 | D:2      | Noticed Natasha
  2329 | D:2      | Killed Natasha
  2329 | D:2      | Reached skill level 1 in Evocations
  2346 | D:2      | Noticed Natasha
  2357 | D:2      | Killed Natasha
  2873 | D:2      | HP: 1/41 [orc wizard/magic dart (8)]
  2877 | D:2      | Killed from afar by an orc wizard

Levels and vault maps discovered:
D:1:      shiori_shiawase, layout_loops_ring
D:2:      layout_loops_ring, chequers_ecumenical_altar_simple_redux,
          serial_forest, infiniplex_forest_lined_4_way,
          infiniplex_forest_clump_diagonal, infiniplex_forest_clump_small,
          infiniplex_forest_lined_2, infiniplex_forest_straight_3,
          infiniplex_forest_end_1, infiniplex_forest_lined_room_2,
          hangedman_decor_riveting, uniq_natasha
D:3:      layout_loops_ring, skrybe_limestone_x, uniq_jessica, uniq_ijyb

Skill      XL: |  1  2  3  4  5 |
---------------+----------------+-----
Translocations | 1 |  1.3
Evocations     | 1 |  1.1
Fighting       | 3 |  3.0
Long Blades    | 3 |  3.0
Armour         | |  1.7
Dodging        | |  2.6
Spellcasting   | |  2.4
Charms         | |  3.4

Action                   |  1- 3 |  4- 6 || total
-------------------------+-------+-------++-------
Melee: Falchion          |    67 |    40 ||   107
 Cast: Infusion          |     1 |     6 ||     7
Evoke: Wand              |     3 |    13 ||    16
  Use: Scroll            |       |     3 ||     3
  Eat: Chunk             |     2 |     4 ||     6
Armor: Leather armour    |    24 |    12 ||    36
Dodge: Dodged            |    68 |    35 ||   103
       Rpst.: Falchion   |    23 |    20 ||    43
